 Dungeon Crawl Stone Soup version 0.22.1-2-g9c5b331 (webtiles) character file.

11251 MalarOregon the Spear-Bearer (level 11, -6/77 HPs)
             Began as a Merfolk Ice Elementalist on Nov 15, 2018.
             Was a Priest of Nemelex Xobeh.
             Mangled by a troll (12 damage)
             ... on level 11 of the Dungeon.
             The game lasted 00:52:53 (14705 turns).

MalarOregon the Spear-Bearer (MfIE)                Turns: 14705, Time: 00:52:53

Health: -6/77      AC:  7    Str:  8    XL:     11   Next: 74%
Magic:  22/33      EV: 14    Int: 20    God:    Nemelex Xobeh [***...]
Gold:   550        SH:  7    Dex: 16    Spells: 11/29 levels left

rFire    . . .     SeeInvis .   a - +2 trident (vamp) {!w}
rCold    . . .     Gourm    .   d - +2 buckler
rNeg     . . .     Faith    .   q - +0 robe
rPois    .         Spirit   .   U - +2 hat {Int+3}
rElec    .         Reflect  .   g - +0 cloak
rCorr    .         Harm     .   k - +0 pair of gloves
MR       .....                  f - +0 pair of boots
Stlth    ++........             h - amulet of magic regeneration
HPRegen  0.22/turn              (no ring)
MPRegen  0.48/turn              M - ring of magical power

@: no status effects
A: change form in water, swift swim, stealthy swim
a: Triple Draw, Renounce Religion


You were on level 11 of the Dungeon.
You worshipped Nemelex Xobeh.
Nemelex Xobeh was most pleased with you.
You were not hungry.

You visited 2 branches of the dungeon, and saw 12 of its levels.
You also visited: Ossuary.

You collected 550 gold pieces.

Inventory:

Hand Weapons
 a - a +2 vampiric trident (weapon) {!w}
   (You took it off an orc on level 8 of the Dungeon)
 b - a +0 blowgun
   (You took it off a kobold on level 8 of the Dungeon)
Missiles
 l - 4 javelins (quivered)
 L - 102 poisoned needles
 Q - 5 needles of sleeping
 S - 5 poisoned tomahawks
Armour
 d - a +2 buckler (worn)
   (You found it on level 1 of the Dungeon)
 f - a +0 pair of boots (worn)
   (You found it on level 3 of the Dungeon)
 g - a +0 cloak (worn)
   (You found it on level 1 of the Dungeon)
 k - a +0 pair of gloves (worn)
   (You found it on level 1 of the Dungeon)
 q - a +0 robe (worn)
 U - a +2 hat of intelligence (worn)
   (You took it off Gastronok on level 8 of the Dungeon)
Jewellery
 h - an amulet of magic regeneration (around neck)
   (You found it on level 1 of the Dungeon)
 K - an uncursed ring of ice
   (You found it on level 6 of the Dungeon)
 M - a ring of magical power (right hand)
   (You found it on level 7 of the Dungeon)
Wands
 v - a wand of digging (7)
   (You took it off Ijyb on level 3 of the Dungeon)
 x - a wand of acid (6)
   (You found it on level 6 of the Dungeon)
 I - a wand of polymorph (41)
   (You took it off Pikel on level 5 of the Dungeon)
 O - a wand of scattershot (4)
   (You found it on level 7 of the Dungeon)
Scrolls
 j - 2 scrolls of fog
 n - 4 scrolls of amnesia
 r - a scroll of immolation {unknown}
 t - 2 scrolls of magic mapping
 A - a scroll of vulnerability {unknown}
 D - a scroll of blinking
 E - 6 scrolls of remove curse {@r2}
 F - 6 scrolls of identify {@r1}
 G - 7 scrolls of teleportation {@r4}
 H - a scroll of summoning {unknown}
 J - 3 scrolls of fear
Potions
 c - 2 potions of brilliance
 i - a potion of experience
 m - 2 potions of agility
 o - 2 potions of heal wounds {@q2}
 p - 3 potions of mutation {!q}
 u - 3 potions of flight
 w - a potion of lignification {!q}
 z - 2 potions of ambrosia
 B - 8 potions of curing {@q1}
 C - 5 potions of haste {@q3}
Miscellaneous
 s - a legendary deck of summoning
   (Nemelex Xobeh gifted it to you on level 10 of the Dungeon)
 y - a plain deck of destruction
   (Nemelex Xobeh gifted it to you on level 9 of the Dungeon)
 P - a plain deck of summoning {drawn: 5}
   (Nemelex Xobeh gifted it to you in the Ecumenical Temple)
 T - a plain deck of summoning
   (Nemelex Xobeh gifted it to you on level 8 of the Dungeon)
 V - a plain deck of destruction
   (Nemelex Xobeh gifted it to you on level 9 of the Dungeon)
 W - a sack of spiders
Comestibles
 e - 22 rations {!d}


   Skills:
 - Level 4.0 Fighting
 + Level 10.0 Polearms
 - Level 4.0 Dodging
 - Level 2.1 Stealth
 - Level 4.0 Shields
 * Level 9.8 Spellcasting
 - Level 4.0 Conjurations
 - Level 3.0 Summonings
 + Level 3.6 Necromancy
 - Level 8.0 Ice Magic
 + Level 4.9 Invocations
 - Level 4.0 Evocations


You had 11 spell levels left.
You knew the following spells:

 Your Spells              Type           Power        Failure   Level  Hunger
a - Freeze                Ice            ####         1%          1    None
c - Throw Icicle          Conj/Ice       ####....     6%          4    ##.....
d - Summon Ice Beast      Ice/Summ       ####....     8%          4    ##.....
q - Vampiric Draining     Necr           ###.......   4%          3    None
u - Animate Dead          Necr           N/A          16%         4    ##.....
x - Throw Frost           Conj/Ice       ####..       1%          2    None

Your spell library contained the following spells:

 Spells                   Type           Power        Failure   Level  Hunger
 Animate Skeleton         Necr           N/A          1%          1    None
 Pain                     Necr           ###.         1%          1    None
 Ozocubu's Armour         Chrm/Ice       ####....     4%          3    None
 Regeneration             Chrm/Necr      ###.......   10%         3    None


Dungeon Overview and Level Annotations

Branches:
Dungeon (11/15)            Temple (1/1) D:7            Lair (0/6) D:11
    Orc (0/2) D:9

Altars:
Ashenzari
Cheibriados
Dithmenos
Elyvilon
Fedhas
Gozag
Hepliaklqana
Kikubaaqudgha
Makhleb
Nemelex Xobeh
Okawaru
Qazlal
Ru
Sif Muna
Trog
Uskayaw
Vehumet
Wu Jian
Xom
Yredelemnul
Zin
The Shining One

Shops:
D:7 =

Portals:
Trove: D:10 (give +5 fire dragon scales)


Message History

Aim: a hound (heavily wounded)
You could not reach far enough!
Your ice beast closely misses the hound.
The hound barely misses your ice beast.
Attack whom?
Aim: a hound (heavily wounded)
You could not reach far enough!
The hound bites your ice beast but does no damage.
Your ice beast barely misses the hound.
Attack whom?
Aim: a hound (heavily wounded)
You reach to attack!
You closely miss the hound.
The hound closely misses your ice beast.
Your ice beast barely misses the hound.
The hound bites your ice beast but does no damage.
Attack whom?
Aim: a hound (heavily wounded)
You reach to attack!
You hit the hound but do no damage. The hound barely misses your ice beast.
Your ice beast hits the hound.
Your ice beast freezes the hound!
The hound dies!
Attack whom?
Aim: a troll You reach to attack!
You puncture the troll!
Attack whom?
Aim: a troll (moderately wounded)
You reach to attack!
You hit the troll.
You feel better.
Your ice beast hits the troll.
Your ice beast freezes the troll!
The troll barely misses your ice beast. x2; The troll claws your ice beast!
Attack whom?
Aim: a troll (severely wounded)
You could not reach far enough!
Your ice beast barely misses the troll.
The troll completely misses your ice beast.
The troll closely misses your ice beast.
The troll claws your ice beast!
Attack whom?
Aim: a troll (severely wounded)
You could not reach far enough!
Your ice beast hits the troll.
Your ice beast freezes the troll!
The troll bites your ice beast but does no damage.
The troll claws your ice beast. x2
Your ice beast dies!
A chill wind blows around you.
You barely miss the troll. The troll bites you!
* * * LOW HITPOINT WARNING * * *
The troll claws you.
* * * LOW HITPOINT WARNING * * *
The troll claws you!
You die...
Your body disappears without a glow.

######.#.# #.#....)........#
#........# #....####...###.
#.###..#.# #............#
#..#.#####.##)####....##
#..#.......)<..........# #
...#######.#[######.#..#.###
.#.## #.#.# #...........
#.#.# #.#.# #........... #
#.# #.#@#####...........
#..YTn†.............
#....###.#.##........
#.#..###....#........
#.#.....n%#..........
#.#....#...h#.####.#
#........))##.#
##........).# #
...........)##.


You could see a troll, a necrophage and a friendly ice beast.

Vanquished Creatures
  3 two-headed ogres
  Pikel (D:5)
  A troll (D:9)
  A hornet (D:9)
  Prince Ribbit (D:8)
  3 hippogriffs (D:8)
  2 humans
  4 hogs (D:10)
  2 wargs (D:8)
  A water moccasin (D:9)
  6 orc warriors
  3 phantoms
  2 sky beasts
  A black bear (D:8)
  An ice beast (D:8)
  2 slaves (D:5)
  A wolf (D:11)
  2 ogres
  6 centaurs
  An elf zombie (Ossuary)
  6 bullfrogs
  2 big kobolds
  2 gnoll sergeants
  A water moccasin zombie (D:7)
  4 scorpions
  4 wights
  3 howler monkeys (D:9)
  2 crimson imps
  A bullfrog zombie (D:10)
  A quasit (D:9)
  A bullfrog skeleton (D:10)
  A human zombie (Ossuary)
  3 jellies
  8 orc priests
  6 hounds
  4 iguanas
  A centaur skeleton (D:11)
  Ijyb (D:3)
  9 orc wizards
  A worker ant (D:6)
  2 hound skeletons
  3 mummies (Ossuary)
  8 gnolls
  12 adders
  A shadow imp (D:6)
  2 oozes
  An adder skeleton (D:8)
  5 adder zombies
  A worm (D:4)
  4 dart slugs
  7 leopard geckos
  48 orcs
  5 giant cockroaches
  12 goblins
  6 hobgoblins
  12 jackals
  A quokka (D:11)
  A ball python (D:4)
  7 bats
  8 frilled lizards
  4 goblin zombies (Ossuary)
  4 hobgoblin zombies (Ossuary)
  13 kobolds
  A kobold zombie (Ossuary)
  4 quokka zombies (Ossuary)
  6 rats
  A rat zombie (Ossuary)
284 creatures vanquished.

Vanquished Creatures (collateral kills)
  Gastronok (D:8)
  Erica (D:8)
  A two-headed ogre (D:10)
  A hippogriff (D:9)
  An orc warrior (D:11)
  A bullfrog (D:9)
  An orc priest (D:9)
  2 hounds (D:11)
  A worker ant zombie (D:11)
  A leopard gecko (D:9)
  8 orcs
19 creatures vanquished.

Vanquished Creatures (others)
  A slave (D:6)
1 creature vanquished.

Grand Total: 304 creatures vanquished

Notes
Turn   | Place    | Note
-------+----------+-------------------------------------------
     0 | D:1      | MalarOregon the Merfolk Ice Elementalist began the quest
                  | for the Orb.
     0 | D:1      | Reached XP level 1. HP: 13/13 MP: 3/3
   235 | D:1      | Reached XP level 2. HP: 20/20 MP: 1/5
   601 | D:1      | Learned a level 2 spell: Throw Frost
   691 | D:1      | Reached skill level 1 in Fighting
   829 | D:1      | Reached XP level 3. HP: 26/26 MP: 2/6
  1502 | D:2      | Reached XP level 4. HP: 32/32 MP: 5/8
  1914 | D:2      | Found a snail-covered altar of Cheibriados.
  1977 | D:3      | Reached skill level 1 in Polearms
  2236 | D:3      | Noticed Ijyb
  2245 | D:3      | Killed Ijyb
  2245 | D:3      | Reached skill level 1 in Shields
  2245 | D:3      | Reached XP level 5. HP: 38/38 MP: 3/9
  2267 | D:3      | Learned a level 4 spell: Throw Icicle
  3001 | D:3      | Reached skill level 1 in Conjurations
  3122 | D:4      | Reached skill level 2 in Polearms
  3122 | D:4      | Reached XP level 6. HP: 44/44 MP: 2/11
  3519 | D:4      | Found a bloodstained altar of Trog.
  3796 | D:5      | Entered Level 5 of the Dungeon
  3946 | D:5      | Found a basalt altar of Yredelemnul.
  4128 | D:5      | Found a glowing silver altar of Zin.
  4129 | D:5      | Found a white marble altar of Elyvilon.
  4130 | D:5      | Found a glowing golden altar of the Shining One.
  4340 | D:6      | Found an ancient bone altar of Kikubaaqudgha.
  4409 | D:6      | Noticed a sky beast
  4645 | D:6      | Killed a sky beast
  4645 | D:6      | Reached skill level 3 in Polearms
  4645 | D:6      | Reached XP level 7. HP: 50/50 MP: 7/13
  4696 | D:6      | Noticed Pikel
  5065 | D:5      | Killed Pikel
  5065 | D:5      | Reached skill level 4 in Polearms
  5065 | D:5      | Reached skill level 5 in Spellcasting
  5065 | D:5      | Reached skill level 5 in Ice Magic
  5065 | D:5      | Reached XP level 8. HP: 41/56 MP: 13/15
  5372 | D:6      | Reached skill level 5 in Polearms
  6021 | D:6      | Found a deep blue altar of Sif Muna.
  6048 | D:7      | Found Diwe's Jewellery Shoppe.
  6800 | D:7      | Reached XP level 9. HP: 61/61 MP: 18/18
  6917 | D:7      | Reached skill level 6 in Polearms
  6997 | D:7      | Found a staircase to the Ecumenical Temple.
  7007 | Temple   | Entered the Ecumenical Temple
  7091 | Temple   | Became a worshipper of Nemelex Xobeh the Trickster
  7150 | Temple   | Received a gift from Nemelex Xobeh
  7310 | D:7      | Found a shadowy altar of Dithmenos.
  7615 | D:8      | Found a sand-covered staircase.
  7618 | D:8      | Noticed Prince Ribbit
  7623 | Ossuary  | Entered an ossuary
  7854 | Ossuary  | Learned a level 4 spell: Summon Ice Beast
  8025 | D:8      | Killed Prince Ribbit
  8088 | D:8      | Reached skill level 7 in Polearms
  8094 | D:8      | HP: 3/61 [hippogriff (7)]
  8540 | D:8      | Learned a level 1 spell: Pain
  8544 | D:8      | Learned a level 3 spell: Vampiric Draining
  8549 | D:8      | Learned a level 4 spell: Animate Dead
  8838 | D:8      | Reached skill level 1 in Invocations
  8838 | D:8      | Reached XP level 10. HP: 33/68 MP: 12/21
  8862 | D:8      | Reached skill level 1 in Summonings
  8862 | D:8      | Reached skill level 1 in Evocations
  9040 | D:8      | Noticed a two-headed ogre
  9050 | D:8      | Killed a two-headed ogre
  9050 | D:8      | Reached skill level 1 in Necromancy
  9477 | D:8      | Reached * piety under Nemelex Xobeh
  9490 | D:8      | Got a bloodstained rapier
  9580 | D:8      | Reached skill level 8 in Polearms
  9752 | D:8      | Received a gift from Nemelex Xobeh
  9766 | D:8      | Noticed Gastronok
  9766 | D:8      | Noticed Erica
  9777 | D:8      | Killed Erica
  9847 | D:8      | Killed Gastronok
 10344 | D:8      | Found a shimmering altar of Xom.
 10691 | D:9      | Reached ** piety under Nemelex Xobeh
 10699 | D:9      | Received a gift from Nemelex Xobeh
 10946 | D:9      | Reached XP level 11. HP: 55/77 MP: 23/23
 11009 | D:9      | Found a staircase to the Orcish Mines.
 11098 | D:9      | Found an iron altar of Okawaru.
 11136 | D:9      | Noticed a two-headed ogre
 11157 | D:9      | Killed a two-headed ogre
 11157 | D:9      | Reached skill level 9 in Polearms
 11352 | D:9      | Paralysed by a hornet for 2 turns
 11668 | D:9      | Received a gift from Nemelex Xobeh
 11814 | D:10     | Entered Level 10 of the Dungeon
 12227 | D:10     | Noticed a two-headed ogre
 12236 | D:10     | Killed a two-headed ogre
 12368 | D:10     | Reached *** piety under Nemelex Xobeh
 12381 | D:10     | Received a gift from Nemelex Xobeh
 12855 | D:10     | Found a portal to a secret trove of treasure.
 13215 | D:10     | Noticed a two-headed ogre
 13252 | D:10     | Killed a two-headed ogre
 14464 | D:11     | Reached skill level 10 in Polearms
 14658 | D:11     | Found a staircase to the Lair.
 14705 | D:11     | Mangled by a troll

Skill      XL: |  1  2  3  4  5  6  7  8  9 10 11 |
---------------+----------------------------------+-----
Dodging        | 3 4 |  4.0
Fighting       | 1 2 4 |  4.0
Spellcasting   | 3 4 5 6 7 8 9 |  9.8
Polearms       | 1 2 3 4 5 7 8 10 | 10.0
Shields        | 1 2 3 4 |  4.0
Ice Magic      | 4 5 7 8 |  8.0
Conjurations   | 1 2 3 4 |  4.0
Invocations    | 1 3 4 |  4.9
Summonings     | 2 3 |  3.0
Evocations     | 2 4 |  4.0
Necromancy     | 2 3 |  3.6
Stealth        | |  2.1

Action                   |  1- 3 |  4- 6 |  7- 9 | 10-12 || total
-------------------------+-------+-------+-------+-------++-------
Melee: Unarmed           |     6 |       |    16 |       ||    22
       Dagger            |    13 |       |       |       ||    13
       Spear             |    12 |   100 |   306 |   205 ||   623
       Trident           |       |       |       |   126 ||   126
Throw: Tomahawk          |       |       |     3 |       ||     3
 Cast: Freeze            |    49 |    82 |   119 |   115 ||   365
       Throw Frost       |     1 |    16 |    32 |    87 ||   136
       Summon Ice Beast  |       |       |     1 |    11 ||    12
       Throw Icicle      |       |       |       |    31 ||    31
       Pain              |       |       |       |     4 ||     4
Evoke: Wand              |       |       |     1 |       ||     1
       Deck              |       |       |     1 |     4 ||     5
  Use: Scroll            |     1 |     8 |     2 |    11 ||    22
       Potion            |       |       |     3 |     1 ||     4
 Stab: Sleeping          |       |     7 |     6 |     5 ||    18
       Confused          |       |       |     3 |       ||     3
       Distracted        |       |       |       |     3 ||     3
  Eat: Chunk             |     3 |     7 |     7 |    16 ||    33
       Ration            |       |     1 |     2 |     3 ||     6
Armor: Robe              |    10 |    29 |    47 |    55 ||   141
       Skin              |       |       |    11 |       ||    11
Dodge: Dodged            |    36 |    71 |   173 |   210 ||   490
Block: Buckler           |     1 |    17 |    86 |   117 ||   221
